 Dungeon Crawl Stone Soup version 0.23-a0-629-gae4348f (webtiles) character file.

143 Darkshadow the Chopper (level 5, 0/47 HPs)
             Began as a Hill Orc Monk on Dec 26, 2018.
             Slain by an iguana (5 damage)
             ... on level 4 of the Dungeon.
             The game lasted 00:07:01 (3779 turns).

Darkshadow the Chopper (Hill Orc Monk)              Turns: 3779, Time: 00:07:02

Health: 0/47       AC:  8    Str: 15    XL:     5   Next: 25%
Magic:  5/5        EV:  7    Int: 10    God:
Gold:   162        SH:  0    Dex: 13    Spells: 4/4 levels left

rFire    . . .     SeeInvis .   a - +0 hand axe
rCold    . . .     Gourm    .   (no shield)
rNeg     . . .     Faith    .   l - +0 chain mail
rPois    .         Spirit   .   (no helmet)
rElec    .         Reflect  .   (no cloak)
rCorr    .         Harm     .   (no gloves)
MR       .....                  (no boots)
Stlth    ..........             (no amulet)
HPRegen  0.15/turn              (no ring)
MPRegen  0.09/turn              (no ring)

@: no status effects
A: no striking features
a: no special abilities


You were on level 4 of the Dungeon.
You were very hungry.

You visited 1 branch of the dungeon, and saw 4 of its levels.

You collected 162 gold pieces.

Inventory:

Hand Weapons
 a - a +0 hand axe (weapon)
Armour
 b - a +0 robe
 d - a +0 ring mail
 l - a +0 chain mail (worn)
 s - a +0 plate armour
Jewellery
 g - a +4 ring of dexterity {unknown}
 o - an uncursed ring of protection from fire {unknown}
 r - a +1 ring of protection {unknown}
Scrolls
 e - a scroll of fog {unknown}
 f - 7 scrolls of identify {unknown}
 h - 3 scrolls of magic mapping {unknown}
 j - a scroll of teleportation {unknown}
 k - a scroll of remove curse {unknown}
Potions
 i - a potion of curing {unknown}
 m - a potion of degeneration {unknown}
 n - a potion of magic {unknown}
 p - a potion of resistance {unknown}
 q - a potion of flight {unknown}
Comestibles
 c - 6 rations


   Skills:
 + Level 4.5 Fighting
 * Level 5.8 Axes
 + Level 2.0 Armour
 - Level 2.5 Dodging
 - Level 2.3 Stealth


You had 4 spell levels left.
You didn't know any spells.
Your spell library contained the following spells:

 Spells                   Type           Power        Failure   Level  Hunger
 Magic Dart               Conj           #...         100%        1    ##.....
 Blink                    Tloc           N/A          100%        2    ###....
 Call Imp                 Summ           #.......     100%        2    ###....
 Slow                     Hex            #.......     100%        2    ###....
 Conjure Flame            Conj/Fire      #.......     100%        3    ####...
 Mephitic Cloud           Conj/Pois/Air  #.......     100%        3    ####...


Dungeon Overview and Level Annotations

Branches:
Dungeon (4/15)
 Temple: D:4-7

Altars:


Message History

The iguana closely misses you.
You hit the iguana.
The iguana is moderately wounded.
Your chain mail prevents you from hitting the phantom.
The iguana bites you.
The phantom hits you but does no damage.
You slash the iguana!
The iguana is severely wounded.
You hit the phantom. The iguana bites you!
* * * LOW HITPOINT WARNING * * *
The phantom hits you.
* * * LOW HITPOINT WARNING * * *
The phantom blinks!
You hit the iguana.
The iguana is severely wounded.
The iguana closely misses you.
You closely miss the iguana.
The iguana is severely wounded.
The iguana bites you.
You die...

#.#.?.....#
.#!#.#.#.#
.........#
...W....#
#.......##
#.........
##.......#
#.<@.....#
#.#.l.....#
#.#..##.#.#
#.#..# ..
#..... ...
#..###. .#
#.. .. .
#.. .# #..
.#


You could see a phantom and an iguana.

Vanquished Creatures
  2 worker ants
  3 adders
  2 dart slugs
  5 leopard geckos
  3 giant cockroaches
  9 goblins
  9 hobgoblins
  3 kobolds
  4 quokkas
  7 bats
  5 frilled lizards
  9 rats
61 creatures vanquished.

Notes
Turn   | Place    | Note
-------+----------+-------------------------------------------
     0 | D:1      | Darkshadow the Hill Orc Monk began the quest for the Orb.
     0 | D:1      | Reached XP level 1. HP: 19/19 MP: 1/1
   304 | D:1      | Reached XP level 2. HP: 27/27 MP: 2/2
  1026 | D:1      | Reached XP level 3. HP: 33/33 MP: 3/3
  1673 | D:2      | Reached skill level 1 in Armour
  1694 | D:2      | Reached skill level 5 in Axes
  1694 | D:2      | Reached XP level 4. HP: 10/40 MP: 4/4
  3113 | D:3      | Reached XP level 5. HP: 29/47 MP: 5/5
  3661 | D:4      | Noticed an ogre
  3693 | D:4      | Noticed a phantom
  3693 | D:4      | Noticed an ogre
  3779 | D:4      | Slain by an iguana

Vault maps used:
D:1:      nagdon_arrival_zigzag_paths
D:2:      serial_curves, eino_curves_01, eino_curves_03, eino_curves_04
D:3:      first_ration, minivault_4
D:4:      nicolae_overflow_hidden_temple

Skill      XL: |  1  2  3  4  5 |
---------------+----------------+-----
Fighting       | 4 |  4.5
Stealth        | 2 |  2.3
Armour         | 1 2 |  2.0
Axes           | 5 |  5.8
Dodging        | |  2.5

Action                   |  1- 3 |  4- 6 || total
-------------------------+-------+-------++-------
Melee: Hand axe          |   104 |   124 ||   228
  Use: Potion            |       |     3 ||     3
 Stab: Sleeping          |     4 |     1 ||     5
  Eat: Chunk             |     2 |     6 ||     8
Armor: Robe              |    20 |     2 ||    22
       Chain mail        |       |    51 ||    51
       Ring mail         |       |     6 ||     6
Dodge: Dodged            |    62 |    61 ||   123

Table legend:
 A = Non-vault XP
 B = Vault XP
 C = Vault XP percentage of total XP
 D = Non-vault monster count
 E = Vault monster count
 F = Vault count percentage of total count
                 A         B        C        D         E       F
            +---------+---------+-------+---------+---------+-------
      Total |     205 |       0 |   0.0 |      61 |       0 |   0.0
            +---------+---------+-------+---------+---------+-------
        D:1 |      46 |       0 |   0.0 |      28 |       0 |   0.0
        D:2 |      78 |       0 |   0.0 |      18 |       0 |   0.0
        D:3 |      81 |       0 |   0.0 |      15 |       0 |   0.0
            +---------+---------+-------+---------+---------+-------
